 Dungeon Crawl Stone Soup version 0.30.0-30-g96aa6591b8 (webtiles) character file.

Game seed: 13109629520694710962

160 monsoonserge the Chopper (level 5, 0/34 (42) HPs)
             Began as a Hill Orc Reaver on June 28, 2023.
             Was a Follower of Qazlal.
             Slain by Robin
             ... wielding a +0 spear of freezing
              (3 damage)
             ... on level 3 of the Dungeon.
             The game lasted 00:08:09 (2232 turns).

monsoonserge the Chopper (Hill Orc Reaver)          Turns: 2232, Time: 00:08:10

HP:   0/34 (42)     AC:  5    Str: 17    XL:     5   Next: 41%
MP:   16/16         EV: 11    Int: 13    God:    Qazlal [*.....]
Gold: 114           SH:  6    Dex: 15    Spells: 6/7 levels left

rFire   . . .        a - +0 hand axe
rCold   . . .        g - +0 buckler
rNeg    . . .        b - +0 leather armour
rPois   .            (no helmet)
rElec   .            o - +0 cloak
rCorr   .            (no gloves)
SInv    .            u - +0 pair of boots
Will    .....        (no amulet)
Stlth   +            c - +6 ring of dexterity
HPRegen 0.25/turn    w - ring of magical power
MPRegen 0.15/turn

%: no passive effects
@: heavily drained
A: no striking features
a: Renounce Religion


You were on level 3 of the Dungeon.
You worshipped Qazlal.
Qazlal was aware of your devotion.
You visited 1 branch of the dungeon, and saw 3 of its levels.

You collected 114 gold pieces.

Inventory:

Hand Weapons
 a - a +0 hand axe (weapon)
Missiles
 e - 2 datura-tipped darts
Armour
 b - a +0 leather armour (worn)
 g - a +0 buckler (worn)
 j - an orb of guile
 o - a +0 cloak (worn)
 u - a +0 pair of boots (worn)
Magical Staves
 d - a staff of poison
Jewellery
 c - a +6 ring of dexterity (left hand)
 w - a ring of magical power (right hand)
Wands
 l - a wand of polymorph (5)
Scrolls
 h - a scroll of magic mapping {unknown}
 i - 2 scrolls of teleportation {unknown}
 k - 5 scrolls of identify {unknown}
 n - a scroll of summoning {unknown}
 q - a scroll of noise {unknown}
 v - a scroll of vulnerability {unknown}
 x - a scroll of fear {unknown}
Potions
 f - a potion of curing {unknown}
 m - a potion of heal wounds {unknown}
 p - a potion of flight {unknown}
 r - a potion of mutation {unknown}
 s - a potion of cancellation
 t - a potion of haste {unknown}


   Skills:
 + Level 2.7 Fighting
 + Level 4.8 Axes
 * Level 2.4 Armour
 + Level 2.1 Dodging
 * Level 1.3 Shields
 + Level 1.6 Spellcasting
 + Level 3.3 Conjurations
 - Level 1.0 Necromancy
 * Level 2.3 Invocations


You had 6 spell levels left.
You knew the following spells:

 Your Spells              Type           Power      Damage    Failure   Level
a - Kiss of Death         Conj/Necr      24%        2d7       17%         1

Your spell library contained the following spells:

 Spells                   Type           Power      Damage    Failure   Level
 Momentum Strike          Conj/Tloc      10%        3d8       32%         2
 Slow                     Hex            4%         N/A       38%         1
 Hailstorm                Conj/Ice       5%         3d4       54%         3
 Vampiric Draining        Necr           3%         2d6       63%         3
 Confusing Touch          Hex            1%         N/A       77%         3


Dungeon Overview and Level Annotations

Branches:
Dungeon (3/15)

Altars:
Qazlal

Shops:
D:1 [

Annotations:
D:2 Jessica
D:3 Robin


Message History

You kill the goblin!
Qazlal accepts your kill.
You hit the plant.
A nearby plant withers and dies.
Robin throws the goblin at you!
Okay, then.
You barely miss the goblin. You hit the goblin. The goblin closely misses you.
The goblin hits you but does no damage.
You slash the goblin!
You kill the goblin!
Qazlal accepts your kill.
You closely miss the goblin. The goblin closely misses you.
You hit the goblin.
The goblin is moderately wounded.
You closely miss the goblin. You block the goblin's attack.
You hit the goblin.
You kill the goblin!
Qazlal accepts your kill.
You barely miss the goblin. You hit the goblin.
The goblin hits you with a +0 club. x2; Robin throws the goblin at you!
You block the goblin's attack.
You hit the goblin.
You kill the goblin!
Qazlal accepts your kill.
You barely miss the goblin. You closely miss the goblin.
The goblin hits you but does no damage. You block Robin's attack.
The goblin hits you with a +0 club.
You slash the goblin!
You kill the goblin!
Qazlal accepts your kill.
You hit the goblin but do no damage. The goblin closely misses you.
Robin zaps a wand.
The bolt of dispelling energy hits you!
* * * LOW HITPOINT WARNING * * *
Robin misses you. The goblin barely misses you.
Okay, then.
Okay, then.
It was a potion of cancellation.
You feel magically purged. The goblin hits you with a +0 club.
* * * LOW HITPOINT WARNING * * *
Robin hits you from afar with a +0 spear of freezing.
You die...

P.~~♣ #.##..# .P~♣~~
#...<.######. ..♣~~~♣♣♣#
#............ ...~~~~~.#
#.......##### .P...~~..#
##........###
..P..P...####...........
#P.................###
##♣♣).#####.##...####
#)@# #...........
#...ggg######..#########
######. #..........# #.
#.###..###.# #. #.# #..#
#.# #. #.# #..# #.# #.
#.###..###.####♣ #.
#.............♣.
#..........†....


You could see Robin, a hobgoblin (strong) and a goblin (strong).

Vanquished Creatures
  Terence (D:2)
  Natasha (thrice) (D:2)
  An adder (D:2)
  A worm (D:3)
  3 dart slugs
  3 endoplasms (D:1)
  2 giant cockroaches (D:1)
  8 goblins
  4 hobgoblins
  4 quokkas
  3 ball pythons
  2 bats
  4 kobolds
  4 rats
43 creatures vanquished.

Notes
Turn   | Place    | Note
-------+----------+-------------------------------------------
     0 | D:1      | monsoonserge the Hill Orc Reaver began the quest for the
                  | Orb.
     0 | D:1      | Reached XP level 1. HP: 18/18 MP: 3/3
    87 | D:1      | Reached XP level 2. HP: 17/25 MP: 4/4
   211 | D:1      | Found Hecun's Antique Armour Emporium.
   626 | D:1      | Reached skill level 1 in Armour
   680 | D:1      | Found a faded altar of an unknown god.
   683 | D:1      | Prayed at the altar of an unknown god.
   683 | D:1      | Became a worshipper of Qazlal Stormbringer
   683 | D:1      | Reached * piety under Qazlal
   730 | D:1      | Reached skill level 1 in Necromancy
   754 | D:1      | Reached XP level 3. HP: 30/30 MP: 5/5
  1071 | D:2      | You fall into a shaft and drop 1 floor!
  1158 | D:2      | Noticed Natasha
  1169 | D:2      | Killed Natasha
  1352 | D:2      | Noticed Natasha
  1361 | D:2      | Killed Natasha
  1362 | D:2      | Reached XP level 4. HP: 10/33 MP: 4/6
  1532 | D:2      | Noticed Terence
  1547 | D:2      | Killed Terence
  1548 | D:2      | Reached skill level 1 in Shields
  1548 | D:2      | Reached skill level 1 in Invocations
  1574 | D:2      | Noticed Natasha
  1591 | D:2      | Killed Natasha
  1592 | D:2      | Reached XP level 5. HP: 29/32 MP: 5/7
  1694 | D:2      | Identified the +0 pair of boots "Beuhirphe" {rF+ rCorr
                  | Str-5 Dex+5}
  1971 | D:2      | Noticed Jessica
  2223 | D:3      | Noticed Robin
  2232 | D:3      | Slain by Robin

Illustrated notes

Levels and vault maps discovered:
D:1:      heliophobic_arrival_henge, layout_basic, serial_shops,
          nicolae_shop_just_a_little_nook,
          shapermc_ecumenical_altar_mp_vishouse, grunt_decor_cap
D:2:      layout_basic, uniq_terence, uniq_sigmund, uniq_jessica, uniq_natasha
D:3:      layout_loops_ring, serial_bayou, serial_bayou_shore_b,
          serial_bayou_pond_a, serial_bayou_pond_a, serial_bayou_lagoon_b,
          st_stairs_5, uniq_robin

Skill      XL: |  1  2  3  4 |
---------------+-------------+-----
Armour         | 1 2 |  2.4
Necromancy     | 1 |  1.0
Dodging        | 2 |  2.1
Shields        | 1 |  1.3
Invocations    | 2 |  2.3
Fighting       | |  2.7
Axes           | |  4.8
Spellcasting   | |  1.6
Conjurations   | |  3.3

Action                     |  1- 3 |  4- 6 || total
---------------------------+-------+-------++-------
  Melee: Hand axe          |    87 |    46 ||   133
   Cast: Kiss of Death     |     2 |     2 ||     4
    Use: Potion            |       |     1 ||     1
 Armour: Leather armour    |    19 |    14 ||    33
  Dodge: Dodged            |    45 |    35 ||    80
  Block: Other             |     1 |       ||     1
         Buckler           |    12 |    13 ||    25
